Map: Blackpink LE

Players

BensonSC

  • Race: Terran Terran
  • League: Diamond
  • Spawn Location: 1:00

KillJoy - Winner!

  • Race: Zerg Zerg
  • League: Diamond
  • Spawn Location: 7:00

VOD

Have the link to the VOD?

Description

ZvT Mech

Time

  • Played on: Jan. 18, 2018, 3:13 a.m.
  • Length: 17:47
Show
View Real Time Build Order
Export as new Build Order

BensonSC Terran 

Build Orders: Liberator Opening, Mech 

Get SALT Encoding   

  12  0:00  SCV  
  13  0:13  SCV  
  14  0:17  Supply Depot  
  14  0:25  SCV  
  14  0:28  Refinery  
  15  0:39  SCV  
  16  0:45  Barracks  
  16  0:51  SCV  
  17  1:03  SCV  
  18  1:15  SCV  
  19  1:31  Reaper  
  20  1:32  Orbital Command  
  20  1:48  Factory  
  20  1:55  Refinery  
  20  2:00  Supply Depot, SCV  
  21  2:05  Barracks Reactor  
  21  2:12  SCV  
  22  2:25  Command Center  
  21  2:53  SCV, Starport  
  21  2:57  Hellion  
  21  2:58  Hellion  
  26  3:05  SCV  
  27  3:12  Liberator  
  27  3:14  Supply Depot  
  27  3:19  Hellion  
  31  3:36  Supply Depot  
  31  3:42  Orbital Command  
  31  3:47  Hellion  
  33  3:49  SCV  
  34  4:01  SCV  
  34  4:02  Factory  
  35  4:09  SCV  
  36  4:13  SCV  
  38  4:25  SCV  
  39  4:32  Command Center  
  39  4:35  Barracks Tech Lab  
  39  4:36  Armory  
  38  4:55  SCV  
  39  5:01  SCV  
  39  5:03  Supply Depot  
  39  5:06  Siege Tank  
  43  5:07  SCV  
  43  5:13  SCV  
  45  5:14  Factory  
  42  5:34  Supply Depot  
  33  5:35  Terran Vehicle Weapons Level 1  
  33  5:38  Siege Tank  
  33  5:39  Supply Depot  
  33  5:42  Refinery  
  36  5:45  Orbital Command  
  36  5:48  SCV  
  37  5:50  SCV  
  38  5:58  Engineering Bay  
  38  6:00  SCV  
  38  6:02  SCV  
  40  6:10  Siege Tank  
  43  6:12  SCV x2  
  43  6:13  Hellion x2  
  47  6:23  SCV  
  47  6:24  Factory Reactor  
  49  6:25  SCV  
  49  6:27  SCV  
  50  6:34  Refinery  
  50  6:35  SCV  
  50  6:37  SCV  
  50  6:39  SCV  
  53  6:47  SCV  
  53  6:52  SCV x2  
  53  6:54  Siege Tank  
  59  6:58  Missile Turret  
  59  6:59  SCV  
  60  7:01  Missile Turret  
  60  7:04  SCV x2  
  62  7:10  Factory  
  62  7:11  SCV  
  62  7:12  Infernal Pre-Igniter  
  62  7:14  Hellbat  
  62  7:15  Hellbat  
  67  7:26  Hellbat, Orbital Command  
  67  7:28  Hellbat x2  
  73  7:30  Terran Vehicle And Ship Armor Level 1  
  73  7:36  Hellbat x2  
  77  7:47  Thor  
  77  7:49  Hellbat x2  
  87  7:57  Hellbat x2  
  91  7:59  Command Center  
  92  8:05  SCV  
  92  8:06  Hellbat  
  92  8:07  SCV  
  92  8:10  Hellbat  
  92  8:11  Hellbat  
  94  8:12  SCV  
  94  8:17  SCV  
  94  8:19  Hellbat, SCV  
  97  8:22  Sensor Tower  
  97  8:34  Hellbat, SCV  
  99  8:35  Refinery, SCV  
  99  8:36  Factory Tech Lab  
  101  8:56  Supply Depot  
  101  9:10  Thor, SCV x3  
  101  9:11  Thor  
  116  9:20  Command Center  
  116  9:23  Hellbat, Terran Vehicle Weapons Level 2, SCV x3  
  121  9:25  Supply Depot  
  121  9:26  Orbital Command  
  121  9:32  Refinery  
  121  9:35  SCV x3  
  121  9:36  Supply Depot  
  121  9:37  Supply Depot  
  124  9:47  Sensor Tower, SCV x3  
  127  9:53  Siege Tank, Starport Reactor  
  127  9:54  SCV  
  127  9:55  Factory  
  131  10:04  Thor  
  137  10:07  SCV  
  137  10:12  Supply Depot  
  138  10:19  Hellbat x4  
  146  10:24  SCV x2  
  146  10:26  Supply Depot  
  148  10:31  Siege Tank  
  151  10:40  Hellbat, Widow Mine  
  137  10:47  Siege Tank  
  124  10:52  Hellbat x2  
  114  11:01  Hellbat x2  
  114  11:03  Siege Tank, Orbital Command  
  101  11:14  Hellbat x2  
  101  11:15  SCV x4  
  101  11:17  Factory Tech Lab  
  109  11:19  Siege Tank  
  109  11:20  Viking  
  109  11:23  Hellbat x2  
  118  11:26  Orbital Command  
  118  11:27  Sensor Tower  
  118  11:35  Thor  
  124  11:41  Hellbat  
  124  11:42  Refinery  
  126  11:51  Siege Tank  
  126  11:53  Thor  
  135  11:59  SCV x2  
  137  12:18  Thor  
  133  12:23  Thor  
  133  12:24  Hellbat x4  
  127  12:36  Thor  
  112  12:45  Terran Vehicle And Ship Armor Level 2, Hellbat x4  
  109  13:01  Thor  
  115  13:06  Hellbat, Cyclone x2, Thor  
  115  13:07  Hellbat  
  131  13:13  SCV x2  
  131  13:17  SCV  
  131  13:18  Thor, Missile Turret  
  140  13:21  Smart Servos  
  140  13:26  Viking  
  140  13:27  Viking  
  144  13:28  Hellbat x2  
  148  13:38  Missile Turret  
  148  13:39  Hellbat x2  
  152  13:44  Thor  
  152  13:47  SCV  
  159  13:49  Hellbat, Thor  
  159  13:50  Hellbat  
  159  13:51  Supply Depot  
  159  13:54  SCV  
  170  13:56  Viking  
  170  13:58  Viking  
  170  14:00  Hellbat x2  
  178  14:13  Hellbat, Cyclone x2  
  178  14:21  Cyclone  
  178  14:22  Hellbat  
  155  14:27  Cyclone  
  155  14:30  SCV x2  
  154  14:32  Cyclone  
  154  14:34  Cyclone  
  160  14:43  Cyclone  
  160  14:45  Cyclone x2  
  169  14:50  Supply Depot, Refinery  
  169  14:53  Cyclone  
  169  14:59  Cyclone  
  175  15:04  Cyclone  
  175  15:05  Viking  
  175  15:06  Siege Tank  
  183  15:15  Hellbat  
  183  15:17  Hellbat x2  
  189  15:26  Hellbat  
  161  15:31  Hellbat  
  161  15:34  Refinery  
  149  15:35  Refinery  
  149  15:36  Hellbat x2  
  149  15:39  Hellbat x3  
  159  15:47  Hellbat, Viking  
  163  15:50  Viking  
  163  15:53  Hellbat  
  163  15:56  SCV x3  
  170  15:57  Hellbat  
  170  15:58  Hellbat, Command Center  
  170  16:00  Hellbat x3  
  180  16:08  Cyclone  
  183  16:11  Orbital Command  
  183  16:13  Thor  
  189  16:18  Thor  
  195  16:55  Hellbat x3, Cyclone, Viking x2  
  195  16:56  Hellbat  
  195  16:57  Hellbat  
  152  17:02  Hellbat  
Show
View Real Time Build Order
Export as new Build Order

KillJoy Zerg - Winner!

Build Orders: Hatch First, Swarm Host 

Get SALT Encoding   

  12  0:01  Drone  
  13  0:12  Overlord  
  13  0:18  Drone  
  14  0:31  Drone x2  
  17  0:35  Drone  
  17  0:53  Hatchery  
  17  0:56  Drone  
  17  0:59  Extractor  
  17  1:02  Drone  
  17  1:21  Spawning Pool, Drone x2  
  18  1:28  Drone  
  19  1:43  Overlord  
  19  2:08  Metabolic Boost  
  19  2:09  Zergling x4  
  19  2:10  Queen x2  
  25  2:17  Drone x2  
  25  2:20  Drone  
  28  2:26  Zergling x4  
  28  3:02  Hatchery  
  28  3:04  Queen x2  
  31  3:06  Overlord  
  31  3:10  Zergling x2  
  31  3:11  Zergling x2  
  31  3:33  Overlord  
  31  3:35  Drone x5  
  31  3:36  Drone x4  
  40  3:51  Drone x3  
  43  3:57  Queen x2  
  43  3:59  Zergling x2  
  43  4:01  Zergling x2  
  49  4:19  Drone x2  
  49  4:20  Drone x4  
  49  4:22  Extractor  
  49  4:23  Drone  
  55  4:29  Queen  
  55  4:31  Overlord  
  57  4:33  Overlord  
  57  4:43  Evolution Chamber  
  50  5:04  Zergling x10  
  54  5:10  Queen  
  54  5:11  Queen x2  
  59  5:21  Zerg Melee Weapons Level 1  
  55  5:33  Drone x4  
  57  5:42  Drone  
  58  5:43  Drone x3  
  58  5:44  Drone x2  
  58  5:48  Evolution Chamber  
  58  5:49  Baneling Nest  
  60  6:01  Overlord  
  60  6:02  Overlord  
  57  6:18  Lair  
  57  6:21  Overlord x2  
  57  6:37  Drone  
  57  6:38  Drone x14  
  72  6:41  Zerg Ground Armor Level 1  
  72  6:54  Overlord x3  
  72  7:09  Zergling x12  
  72  7:10  Zergling x4  
  72  7:11  Hatchery  
  72  7:13  Overlord  
  72  7:15  Zerg Melee Weapons Level 2  
  79  7:19  Drone x3  
  79  7:22  Zergling x6  
  85  7:27  Extractor  
  84  7:43  Zergling x16  
  92  7:48  Centrifical Hooks  
  92  8:20  Spire  
  92  8:23  Zergling x26  
  104  8:29  Queen  
  106  8:36  Hatchery  
  106  8:40  Zerg Ground Armor Level 2  
  105  8:49  Overlord x3  
  105  8:56  Extractor  
  105  8:58  Overlord  
  105  8:59  Overlord  
  105  9:00  Zergling x2  
  105  9:01  Zergling x22  
  116  9:14  Drone x3  
  119  9:19  Pneumatized Carapace  
  119  9:22  Baneling x4  
  119  9:23  Baneling x9  
  119  9:33  Drone x7  
  119  9:34  Drone  
  119  9:36  Extractor, Drone x6  
  119  9:37  Extractor  
  131  10:02  Queen  
  133  10:07  Infestation Pit  
  132  10:15  Drone x4  
  132  10:16  Drone x3  
  139  10:22  Overlord x3  
  139  10:25  Baneling  
  139  10:26  Baneling x12  
  139  10:30  Zergling x2  
  139  10:31  Zergling x22  
  131  10:53  Zergling x2  
  131  10:54  Zergling x26  
  128  10:59  Hive  
  118  11:08  Zergling x10  
  118  11:09  Zergling x4  
  121  11:13  Baneling x8  
  121  11:14  Baneling x2  
  121  11:24  Zergling x2  
  121  11:25  Zergling x10  
  127  11:39  Hatchery  
  126  11:41  Swarm Host x4  
  126  11:42  Swarm Host x10  
  168  11:48  Hatchery  
  168  11:52  Overlord, Spine Crawler  
  166  12:06  Zergling x26  
  166  12:07  Zergling x12  
  185  12:09  Baneling  
  185  12:10  Baneling x12  
  185  12:11  Baneling  
  149  13:00  Greater Spire, Zerg Melee Weapons Level 3  
  149  13:01  Zerg Ground Armor Level 3  
  149  13:03  Zergling x8  
  149  13:04  Zergling x34  
  170  13:28  Overlord x3  
  170  13:29  Corruptor  
  170  13:30  Corruptor x7  
  186  13:35  Drone x5  
  186  13:36  Drone x5  
  186  13:38  Extractor  
  186  13:39  Baneling x2  
  186  13:40  Baneling x7  
  195  13:52  Adrenal Glands  
  195  14:07  Extractor  
  194  14:12  Extractor  
  184  14:23  Zergling x2  
  184  14:24  Zergling x32  
  177  14:25  Zergling x10  
  184  14:39  Baneling  
  184  14:40  Baneling x10  
  184  14:42  Queen  
  186  14:45  Zerg Flyer Weapons Level 1  
  186  14:52  Brood Lord x5  
  192  15:22  Brood Lord x3  
  176  15:38  Zergling x2  
  176  15:39  Zergling x24  
  176  15:40  Zergling x22  
  160  16:01  Baneling x10  
  160  16:02  Baneling x22  
  157  16:04  Zergling x2  
  157  16:05  Zergling x22  
  169  16:14  Spine Crawler  
  168  16:32  Corruptor x3  
  168  16:33  Corruptor x4  
  168  16:37  Baneling  
  168  16:38  Baneling x8  
  168  16:39  Zergling x2  
  183  16:40  Zergling x28  
Tags
 
Add a new tag
Caveats
  • Supply blocks, unpowered buildings, or Contaminate may cause inaccurate times.
  • Supply counts are checked every 10 seconds.